 Dungeon Crawl Stone Soup version 0.31.0-9-g3a7656b989 (webtiles) character file.

Game seed: 17185229716803515794

233 qw the Skirmisher (level 5, -1/30 HPs)
             Began as a Deep Elf Hunter on Feb 2, 2024.
             Slain by an orc
             ... wielding a +0 dagger
              (4 damage)
             ... on level 3 of the Dungeon.
             The game lasted 00:00:08 (2407 turns).

qw the Skirmisher (Deep Elf Hunter)                 Turns: 2407, Time: 00:00:08

Health: -1/30      AC:  6    Str: 10    XL:     5   Next: 74%
Magic:  7/7        EV: 11    Int: 14    God:
Gold:   130        SH:  0    Dex: 18    Spells: 4/4 levels left

rFire   . . .        a - +0 shortbow
rCold   . . .        (shield currently unavailable)
rNeg    + . .        m - +1 ring mail
rPois   .            (no helmet)
rElec   .            (no cloak)
rCorr   .            (no gloves)
SInv    .            (no boots)
Will    .....        i - amulet of regeneration
Stlth   +            g - ring of positive energy
HPRegen 1.05/turn    (no ring)
MPRegen 0.10/turn

%: no passive effects
@: about to teleport
A: no striking features
a: no special abilities


You were on level 3 of the Dungeon.
You visited 1 branch of the dungeon, and saw 4 of its levels.

You collected 130 gold pieces.


   Skills:
 - Level 2.1 Fighting
 + Level 9.0 Ranged Weapons
 - Level 2.4 Dodging
 - Level 1.2 Stealth


You had 4 spell levels left.
You didn't know any spells.
Your spell library was empty.

Inventory:

Hand Weapons
 a - a +0 shortbow (weapon)
Armour
 m - a +1 ring mail (worn)
Jewellery
 g - a ring of positive energy (left hand)
 i - an amulet of regeneration (around neck)
Wands
 h - a wand of digging (5)
Potions
 e - a potion of enlightenment

Dungeon Overview and Level Annotations

Branches:
Dungeon (4/15)
 Temple: D:4-7

Altars:
Dithmenos
Yredelemnul


Message History

You shoot an arrow. The arrow misses the hound.
The orc hits you but does no damage. The orc closely misses you.
The orc hits you with a +0 dagger. The endoplasm freezes you.
You are frozen.
The hound barely misses you.
You shoot an arrow. The arrow hits the hound.
The hound is lightly wounded.
The hound bites you but does no damage. The orc misses you.
The orc closely misses you. x2
The endoplasm freezes you.
You are frozen.
The hound bites you.
You shoot an arrow. The arrow hits the hound!
The hound is severely wounded.
The orc hits you but does no damage. The orc hits you with a +0 flail.
The orc hits you with a +0 dagger. The endoplasm closely misses you.
The hound barely misses you. The orc hits you but does no damage.
The endoplasm barely misses you. The hound bites you. The orc misses you.
The orc hits you but does no damage.
You shoot an arrow. The arrow hits the hound.
The hound is severely wounded.
The hound barely misses you. The orc barely misses you.
The orc hits you with a +0 dagger. The orc barely misses you.
The endoplasm freezes you.
You are frozen.
You shoot an arrow. The arrow hits the hound.
The hound is almost dead.
The hound bites you. x2; The orc hits you but does no damage.
The orc barely misses you. The orc hits you with a +0 flail.
The endoplasm freezes you.
You are frozen.
2406 ||| READING scroll of teleportation.
As you read the scroll of teleportation, it crumbles to dust.
You feel strangely unstable. The hound closely misses you.
The orc closely misses you. The orc hits you but does no damage.
The orc misses you. The endoplasm hits you. The hound closely misses you.
You shoot an arrow. The arrow barely misses the hound.
The hound barely misses you. The orc hits you with a +0 flail.
The orc hits you with a +0 dagger.
You die...

##....)....##.........#..........
###..._...####.............######
##.........##.........#..#.#
...............##.....#..#.#
..##.....##...###.....#..#.#
.###..#..###..# #.....#..#.#
.##..###..##..# ###'#.#..#.######
.....###......#####.#.#..#.......
......#...#....J@o.......########
...#...........ooh#.#.#.###......
####.############.#.#.#.#........
#.############.#.#.#.#........
#................#.#.#........
#########...|.....###.#.#........
..........#####.#####.#.#........
########..........(.#.#.#.#.#....
....####.###.##%###.#.#.#.#.#....


You could see a hound, 3 orcs and an endoplasm.

Vanquished Creatures
  A weeping skull (D:3)
  2 bombardier beetles
  An iguana (D:3)
  3 adders
  A ribbon worm (D:2)
  2 orcs (D:3)
  6 endoplasms
  2 giant cockroaches
  2 goblins
  2 hobgoblins (D:1)
  4 jackals (D:1)
  2 quokkas
  2 ball pythons
  6 bats
  A frilled lizard (D:1)
  2 kobolds (D:1)
  7 rats
  A spectral orc (D:3)
47 creatures vanquished.

Vanquished Creatures (others)
  An endoplasm (D:4)
1 creature vanquished.

Grand Total: 48 creatures vanquished

Notes
Turn   | Place    | Note
-------+----------+-------------------------------------------
     0 | D:1      | qw the Deep Elf Hunter began the quest for the Orb.
     0 | D:1      | Reached XP level 1. HP: 12/12 MP: 3/3
     0 | D:1      | 0 ||| qw: Version: 0.3-a-155-g5e7d8dd
     0 | D:1      | 0 ||| qw: Game counter: 2409
     0 | D:1      | 0 ||| qw: Melee chars always use a shield: true
     0 | D:1      | 0 ||| qw: God list: Okawaru
     0 | D:1      | 0 ||| qw: Allow faded altars: false
     0 | D:1      | 0 ||| qw: Do Orc after clearing Dungeon:15 true
     0 | D:1      | 0 ||| qw: Do second Lair branch before Depths: true
     0 | D:1      | 0 ||| qw: Lair rune preference: random
     0 | D:1      | 0 ||| qw: Goals: Normal
     0 | D:1      | 0 ||| PLANNING D:1-11
    39 | D:1      | Found a faded altar of an unknown god.
    76 | D:1      | HP: 1/12 [quokka (4)]
   143 | D:1      | Reached skill level 6 in Ranged Weapons
   143 | D:1      | Reached XP level 2. HP: 12/16 MP: 4/4
   717 | D:1      | 717 ||| UPGRADING to amulet of the acrobat.
   722 | D:1      | 722 ||| UPGRADING to amulet of regeneration.
   732 | D:1      | 732 ||| DROPPING amulet of the acrobat.
   733 | D:1      | 733 ||| UPGRADING to ring of positive energy.
   734 | D:1      | 734 ||| READING scroll labelled WUOSEC TUOCKISK.
   735 | D:1      | 735 ||| READING scroll labelled JANWUBBERGHU.
   740 | D:1      | 740 ||| DROPPING scroll of butterflies.
   788 | D:2      | Reached XP level 3. HP: 20/20 MP: 5/5
  1202 | D:2      | Reached skill level 7 in Ranged Weapons
  1329 | D:2      | 1329 ||| UPGRADING to +0 scale mail.
  1339 | D:2      | 1339 ||| DROPPING +0 leather armour.
  1340 | D:2      | 1340 ||| READING scroll labelled NAGIN RUZOU.
  1340 | D:2      | 1340 ||| IDENTIFYING red potion
  1341 | D:2      | 1341 ||| READING 2 scrolls labelled OQUESCHACUCO.
  1342 | D:2      | 1342 ||| DROPPING potion of magic.
  1343 | D:2      | 1343 ||| DROPPING scroll of blinking.
  1646 | D:3      | Reached XP level 4. HP: 25/25 MP: 6/6
  1670 | D:3      | Found a shadowy altar of Dithmenos.
  1707 | D:3      | HP: 6/25 [iguana (8)]
  1708 | D:3      | 1708 ||| READING 2 scrolls of teleportation.
  1710 | D:3      | Reached skill level 8 in Ranged Weapons
  2142 | D:3      | Found a basalt altar of Yredelemnul.
  2142 | D:3      | Noticed a weeping skull
  2161 | D:3      | Killed a weeping skull
  2162 | D:3      | Reached skill level 9 in Ranged Weapons
  2162 | D:3      | Reached XP level 5. HP: 18/29 MP: 7/7
  2199 | D:3      | 2199 ||| UPGRADING to +0 ring mail.
  2209 | D:3      | 2209 ||| DROPPING +0 scale mail.
  2210 | D:3      | 2210 ||| DROPPING amulet of magic regeneration.
  2211 | D:3      | 2211 ||| READING 2 scrolls of identify.
  2211 | D:3      | 2211 ||| IDENTIFYING amethyst potion
  2212 | D:3      | 2212 ||| READING scroll of identify.
  2212 | D:3      | 2212 ||| IDENTIFYING clear potion
  2213 | D:3      | 2213 ||| READING scroll labelled ZUPSISA IROJU.
  2314 | D:3      | 2314 ||| READING scroll labelled WERETT JAUFO.
  2314 | D:3      | 2314 ||| ENCHANTING +0 ring mail.
  2315 | D:3      | 2315 ||| READING scroll labelled MASUBR BA TIEH.
  2316 | D:3      | 2316 ||| DROPPING potion of attraction.
  2356 | D:4      | 2356 ||| STAIRDANCE
  2365 | D:4      | 2365 ||| STAIRDANCE
  2368 | D:3      | HP: 6/30 [burnt (5)]
  2370 | D:3      | HP: 1/30 [burnt (3)]
  2399 | D:4      | 2399 ||| STAIRDANCE
  2405 | D:3      | HP: 3/30 [frozen (5)]
  2406 | D:3      | 2406 ||| READING scroll of teleportation.
  2407 | D:3      | Slain by an orc

Levels and vault maps discovered:
D:1:      minmay_arrival_stone_box, layout_basic,
          shapermc_ecumenical_altar_starsandcircs,
          hangedman_decor_clover_reticule, minmay_quantized
D:2:      layout_basic
D:3:      layout_basic, nicolae_dithmenos_shadow_blocks,
          yredelemnul_forgotten_temple_becter
D:4:      layout_rooms, minmay_temple_entry_nine_rooms

Skill      XL: |  1  2  3  4  5 |
---------------+----------------+-----
Ranged Weapons | 6 7 9 |  9.0
Fighting       | 2 |  2.1
Dodging        | |  2.4
Stealth        | |  1.2

Action                     |  1- 3 |  4- 6 || total
---------------------------+-------+-------++-------
   Fire: Shortbow          |   113 |    45 ||   158
    Use: Scroll            |     4 |     7 ||    11
 Armour: Leather armour    |    19 |       ||    19
         Scale mail        |    14 |    21 ||    35
         Ring mail         |       |    28 ||    28
  Dodge: Dodged            |    39 |    28 ||    67

Table legend:
 A = Non-vault XP
 B = Vault XP
 C = Vault XP percentage of total XP
 D = Non-vault monster count
 E = Vault monster count
 F = Vault count percentage of total count
                 A         B        C        D         E       F
            +---------+---------+-------+---------+---------+-------
      Total |     231 |     102 |  30.6 |      43 |       5 |  10.4
            +---------+---------+-------+---------+---------+-------
        D:1 |      33 |       5 |  13.2 |      20 |       3 |  13.0
        D:2 |      27 |       0 |   0.0 |      10 |       0 |   0.0
        D:3 |     122 |      97 |  44.3 |      11 |       2 |  15.4
        D:4 |      49 |       0 |   0.0 |       2 |       0 |   0.0
            +---------+---------+-------+---------+---------+-------
